 Dungeon Crawl Stone Soup version 0.28.0 (webtiles) character file.

Game seed: 12372622048581031151

37727 RighteousDevil the Tortoise (level 12, -1/63 (89) HPs)
             Began as a Formicid Fighter on Feb 7, 2022.
             Was a High Priest of Ru.
             Slain by a profane servitor (8 damage)
             ... on level 4 of the Abyss.
             The game lasted 00:36:20 (15116 turns).

RighteousDevil the Tortoise (Formicid Fighter)     Turns: 15116, Time: 00:36:21

HP:   -1/63 (89)    AC: 20    Str: 22      XL:     12   Next: 30%
MP:   16/20         EV:  6    Int:  7 (8)  God:    Ru [*****.]
Gold: 832           SH: 25    Dex: 10      Spells: 11/11 levels left

rFire   + . .      SeeInvis +   a - +2 trident (spect)
rCold   . . .      Faith    +   g - +8 tower shield of Qazlal's Outrage {rF+}
rNeg    + . .      Spirit   .   m - +0 plate armour
rPois   +          Reflect  .   (helmet unavailable)
rElec   +          Harm     .   (no cloak)
rCorr   .          Rampage  +   (no gloves)
Will    +....      NoCast   +   x - +0 pair of boots of Watchfulness {-Cast Rampage rElec}
Stlth   ..........              o - amulet of faith
HPRegen 0.20/turn               p - ring of poison resistance
MPRegen 0.17/turn               v - ring of positive energy

@: mighty, exhausted, very heavily drained, unable to read
A: permanent stasis, dig shafts and tunnels, antennae 3, inability to use
devices, hated by all, inexperienced 1, four strong arms, iridescent scales 1,
robust 1, [weak 2], [inability to read while threatened]
a: Dig, Shaft Self, Renounce Religion, Draw Out Power, Power Leap, Apocalypse


You were on level 4 of the Abyss.
You worshipped Ru.
Ru was extremely pleased with you.
You visited 3 branches of the dungeon, and saw 14 of its levels.
You visited the Abyss 1 time.
You also visited: Bailey.

You collected 832 gold pieces.

Inventory:

Hand Weapons
 a - a +2 spectral trident (weapon)
 b - the +7 flail of Collusion {pain, Fly rN+ rCorr Stlth-}
   (You found it on level 2 of the Lair of Beasts)

   In the hands of one skilled in necromantic magic, it inflicts extra damage on
   living creatures.
   rN:        It protects you from negative energy.
   Fly:       It grants you flight.
   rCorr:     It protects you from acid and corrosion.
   Stlth:     It makes you less stealthy.
Missiles
 s - a throwing net
Armour
 g - the +8 tower shield of Qazlal's Outrage (worn) {rF+}
   (You acquired it on level 2 of the Dungeon)

   rF:        It protects you from fire.
 m - a +0 plate armour (worn)
 x - the +0 pair of boots of Watchfulness (worn) {-Cast Rampage rElec}
   (You found it on level 2 of the Lair of Beasts)

   rElec:     It insulates you from electricity.
   -Cast:     It prevents spellcasting.
   Rampage:   It bestows one free step when moving towards enemies.
Jewellery
 l - a ring of wizardry
 o - an amulet of faith (around neck)
 p - a ring of poison resistance (left hand)
 r - a ring of flight
 u - a ring of protection from fire
 v - a ring of positive energy (right hand)
 w - a +6 ring of dexterity
 y - a ring of willpower
Scrolls
 j - a scroll of fog
Potions
 d - a potion of might
 f - a potion of lignification
 h - a potion of magic
 n - a potion of brilliance {unknown}
 q - a potion of attraction {unknown}
 t - 2 potions of cancellation


   Skills:
 - Level 3.3 Fighting
 - Level 14.0 Polearms
 * Level 15.8 Armour
 - Level 15.0 Shields
 + Level 11.8 Invocations


You had 11 spell levels left.
You didn't know any spells.
Your spell library contained the following spells:

 Spells                   Type           Power      Damage    Failure   Level
 Sandblast                Erth           0%         2d4       100%        1
 Slow                     Hex            0%         N/A       100%        1
 Corpse Rot               Necr/Air       0%         N/A       100%        2
 Passwall                 Tmut/Erth      0%         N/A       100%        2
 Static Discharge         Conj/Air       0%         N/A       100%        2
 Confusing Touch          Hex            0%         N/A       100%        3
 Gell's Gravitas          Tloc           0%         N/A       100%        3
 Lesser Beckoning         Tloc           0%         N/A       100%        3
 Stone Arrow              Conj/Erth      0%         3d7       100%        3
 Teleport Other           Tloc           0%         N/A       100%        3
 Vampiric Draining        Necr           0%         2d6       100%        3
 Dispel Undead            Necr           0%         3d6       100%        4
 Lightning Bolt           Conj/Air       0%         1d11      100%        5
 Storm Form               Tmut/Air       0%         N/A       100%        7
 Maxwell's Capacitive Co  Air            0%         ∞         100%        8
 Summon Lightning Spire   Summ/Air       Unusable   N/A       N/A         4
 Death Channel            Necr           Unusable   N/A       N/A         6

Dungeon Overview and Level Annotations

Branches:
Dungeon (9/15)             Temple (1/1) D:5            Lair (4/6) D:8
  Swamp (0/4) Lair:4       Spider (0/4) Lair:3       Bailey (visited)
    Orc: D:9-12

Altars:
Ashenzari
Cheibriados
Dithmenos
Elyvilon
Fedhas
Gozag
Hepliaklqana
Kikubaaqudgha
Makhleb
Nemelex Xobeh
Okawaru
Qazlal
Ru
Sif Muna
Trog
Uskayaw
Vehumet
Wu Jian
Xom
Yredelemnul
Zin
The Shining One

Shops:
D:7 :

Annotations:
Lair:2 3 runed translucent doors, dolemite99's ghost, journeyman DsBe
Lair:4 1 runed translucent door


Innate Abilities, Weirdness & Mutations

You cannot be hasted, slowed, berserked, paralysed or teleported.
You can dig through walls and to a lower floor.
You have a pair of large antennae on your head. (SInv)
You cannot study or use magical devices.
You are hated by all.
You are somewhat inexperienced. (-2 XL)
Your four strong arms can wield two-handed weapons with a shield.
You are partially covered in iridescent scales. (AC +2)
You are robust. (+10% HP)
[You are very weak. (Str -4)]
[You sometimes lose the ability to read scrolls when taking damage.]


Message History

The angel is stunned by your conviction and fails to attack.
You catch the helpless angel completely off-guard!
You puncture the angel!
The angel is severely wounded.
Your +2 spectral trident completely misses the angel.
The profane servitor hits you but does no damage.
The profane servitor hits you with a +3 whip of electrocution!
* * * LOW HITPOINT WARNING * * *
You block the chaos spawn's attack. You block the angel's attack.
The angel hits you with a +1 whip of holy wrath!
* * * LOW HITPOINT WARNING * * *
You block the profane servitor's attack.
The profane servitor hits you but does no damage.
Unknown command.
Unknown command.
Unknown command.
You miss the angel.
The angel is severely wounded.
Your +2 spectral trident hits the angel!
You block the profane servitor's attack. x2
Unknown command.
Unknown command.
Unknown command.
Okay, then.
Okay, then.
It was a potion of mutation.
You feel extremely strange.
You feel robust.
Iridescent scales grow over part of your body.
You redirect the chaos spawn's attack!
The chaos spawn barely misses the neqoxec.
You block the profane servitor's attack.
The profane servitor hits you but does no damage.
The angel shouts!
You puncture the angel!
The angel is almost dead.
Your +2 spectral trident barely misses the angel.
The angel is no longer blind.
The angel begins to attack, but is stunned by your conviction!
The profane servitor hits you with a +3 whip of electrocution!
You die...

. .# # #
# .. ...
. #. .
....# .
..##. #.#
...
#..##..
..#... #
..#.. .#.
....# #
.§# ....#
##A#.#.
.### #.
#@(..## .
...#
##43A..#
#.# .# #
#.##### .
. #.
...## .
≈≈≈≈#≈≈#
{ .
..###≈≈ #
#.
##≈≈≈§≈##
{ 8##.#
≈≈# #≈.≈
. ##♣####
..≈≈


You could see a profane servitor (corona), an angel, a neqoxec, a chaos spawn
(corona) and a friendly +2 spectral trident (summoned).

Vanquished Creatures
  6 hydras
  A two-headed ogre (D:9)
  5 death yaks (Lair:3)
  A wretched star (Abyss:4)
  Pikel (D:7)
  3 orc knights (Bailey)
  5 elephants
  5 black mambas
  A rust devil (Abyss:4)
  A torpor snail (Lair:3)
  A smoke demon (Abyss:4)
  7 cane toads
  2 rime drakes
  10 komodo dragons
  A meliai (Lair:3)
  10 polar bears
  8 blink frogs
  Prince Ribbit (Lair:2)
  4 dream sheep (Lair:3)
  Sigmund (D:2)
  A vampire (D:9)
  57 yaks
  A wraith (Abyss:4)
  8 wyverns
  2 basilisks
  A steam dragon (D:6)
  Grum (D:9)
  2 large abominations (Abyss:4)
  9 water moccasins
  A hydra simulacrum (Lair:2)
  9 black bears
  10 orc warriors
  2 ogres
  2 necrophages
  A black mamba simulacrum (Lair:2)
  A phantom (D:7)
  5 wolves
  A lemure (D:7)
  A kobold brigand (D:7)
  A wyvern zombie (D:8)
  6 bullfrogs
  A scorpion (D:6)
  A cane toad simulacrum (Lair:2)
  A wyvern skeleton (D:6)
  11 killer bees
  A howler monkey (D:5)
  4 electric eels
  A centaur zombie (D:6)
  2 centaur skeletons
  3 jellies
  A wyvern simulacrum (Lair:2)
  A gnoll shaman (D:7)
  3 orc priests
  A bullfrog skeleton (D:3)
  2 hounds
  3 iguanas
  5 orc wizards
  A killer bee zombie (D:7)
  A bullfrog simulacrum (Lair:2)
  A mummy (D:6)
  Robin (D:4)
  2 howler monkey skeletons
  11 gnolls
  6 adders
  A shadow imp (D:6)
  An ufetubus (D:4)
  A worm (D:2)
  A dart slug (D:4)
  38 orcs
  8 ball pythons
  9 endoplasms
  3 giant cockroaches
  20 goblins
  9 hobgoblins
  11 kobolds
  7 bats
  3 frilled lizards
  7 rats
379 creatures vanquished.

Vanquished Creatures (others)
  A wyvern (D:8)
  A gnoll (Bailey)
  An orc (D:8)
  A quokka (D:2)
  33 fungi
  61 plants
  13 toadstools
111 creatures vanquished.

Grand Total: 490 creatures vanquished

Notes
Turn   | Place    | Note
-------+----------+-------------------------------------------
     0 | D:1      | RighteousDevil the Formicid Fighter began the quest for the
                  | Orb.
     0 | D:1      | Reached XP level 1. HP: 18/18 MP: 1/1
   272 | D:1      | Reached XP level 2. HP: 22/24 MP: 2/2
   312 | D:1      | Found a faded altar of an unknown god.
   318 | D:1      | Prayed at the altar of an unknown god.
   318 | D:1      | Became a worshipper of Ru the Awakened
   331 | D:1      | Gained mutation: You are hated by all. [Ru sacrifice]
   331 | D:1      | Reached * piety under Ru
   889 | D:2      | Reached XP level 3. HP: 19/29 MP: 3/3
  1120 | D:2      | Reached XP level 4. HP: 31/35 MP: 4/4
  1244 | D:2      | Found a shimmering blue altar of Sif Muna.
  1244 | D:2      | Noticed Sigmund
  1256 | D:2      | Identified a scroll of acquirement
  1256 | D:2      | Acquired the +8 tower shield of Qazlal's Outrage {rF+}
  1263 | D:2      | Killed Sigmund
  1264 | D:2      | Reached XP level 5. HP: 25/41 MP: 5/5
  1264 | D:2      | Reached XP level 6. HP: 28/47 MP: 6/6
  2334 | D:4      | Noticed Robin
  2368 | D:4      | Killed Robin
  2507 | D:4      | Identified the +1 robe of Sulunk {*Corrode Str+4 Slay+4}
  2532 | D:4      | Reached XP level 7. HP: 48/48 MP: 7/7
  2618 | D:4      | Reached skill level 5 in Shields
  2771 | D:4      | Gained mutation: You cannot study or use magical devices.
                  | [Ru sacrifice]
  2771 | D:4      | Reached ** piety under Ru
  2771 | D:4      | Reached *** piety under Ru
  2841 | D:4      | Found a stormy altar of Qazlal.
  2841 | D:4      | Found a bloodstained altar of Trog.
  2912 | D:4      | Found an iron altar of Okawaru.
  3055 | D:5      | Entered Level 5 of the Dungeon
  3079 | D:5      | Found a staircase to the Ecumenical Temple.
  3085 | Temple   | Entered the Ecumenical Temple
  3371 | D:5      | Reached XP level 8. HP: 55/58 MP: 8/8
  3827 | D:5      | Found a glowing golden altar of the Shining One.
  4273 | D:6      | Noticed a yak
  4275 | D:6      | Noticed a yak
  4278 | D:6      | Noticed a yak
  4280 | D:6      | Noticed a yak
  4282 | D:6      | Killed a yak
  4286 | D:6      | Killed a yak
  4293 | D:6      | Killed a yak
  4295 | D:6      | Killed a yak
  4296 | D:6      | Reached XP level 9. HP: 36/64 MP: 9/9
  4629 | D:6      | Reached skill level 10 in Shields
  4867 | D:6      | Found a snail-covered altar of Cheibriados.
  5185 | D:6      | Gained mutation: You are somewhat inexperienced. (-2 XL)
                  | [Ru sacrifice]
  5185 | D:6      | Reached XP level 8. HP: 58/58 MP: 8/8
  5185 | D:6      | Reached XP level 7. HP: 52/52 MP: 7/7
  5185 | D:6      | Reached **** piety under Ru
  5185 | D:6      | Reached ***** piety under Ru
  5343 | D:7      | Noticed Pikel
  5353 | D:7      | Killed Pikel
  5440 | D:7      | Reached XP level 8. HP: 58/58 MP: 8/8
  5844 | D:7      | Found Ninegof's Book Shoppe.
  6200 | D:8      | Reached skill level 1 in Invocations
  6439 | D:8      | Found a shimmering altar of Xom.
  6441 | D:8      | Found an ornate altar of the Wu Jian Council.
  6523 | D:8      | Found a staircase to the Lair.
  6524 | D:8      | Noticed a komodo dragon
  6564 | D:8      | Killed a komodo dragon
  7185 | Lair:1   | Entered Level 1 of the Lair of Beasts
  7187 | Lair:1   | Noticed a komodo dragon
  7189 | Lair:1   | Noticed a cane toad
  7197 | Lair:1   | Noticed a komodo dragon
  7201 | D:8      | Killed a komodo dragon
  7303 | D:8      | Killed a cane toad
  7311 | D:8      | Killed a komodo dragon
  7340 | Lair:1   | Noticed a cane toad
  7359 | D:8      | Reached skill level 10 in Polearms
  7370 | D:8      | Killed a cane toad
  7470 | D:8      | Reached XP level 9. HP: 32/63 MP: 7/12
  7523 | D:8      | Reached skill level 5 in Invocations
  8134 | Lair:1   | Reached skill level 15 in Shields
  8407 | Lair:1   | Acquired a manual of Armour
  8649 | Lair:1   | Reached skill level 5 in Armour
  8930 | Lair:2   | Found a runed translucent gate.
  8931 | Lair:2   | Found a runed translucent gate.
  8968 | Lair:2   | Reached XP level 10. HP: 70/70 MP: 15/15
  9159 | Lair:2   | Identified the +7 flail of Collusion {pain, Fly rN+ rCorr
                  | Stlth-}
  9229 | Lair:2   | Found a transporter.
  9356 | Lair:2   | Noticed an eight-headed hydra
  9590 | Lair:2   | Killed an eight-headed hydra
  9591 | Lair:2   | Reached skill level 10 in Armour
  9753 | Lair:2   | Found a runed translucent gate.
 10059 | Lair:2   | Found a transporter.
 10204 | Lair:2   | Noticed dolemite99's ghost (journeyman DsBe)
 10594 | Lair:2   | Identified the +0 hat of Dishonesty {Fly rElec Int-2}
 10599 | Lair:2   | Identified the +0 pair of boots of Watchfulness {-Cast
                  | Rampage rElec}
 10758 | Lair:3   | Noticed Prince Ribbit
 10784 | Lair:2   | Killed Prince Ribbit
 11136 | Lair:3   | Reached XP level 11. HP: 72/75 MP: 17/17
 11181 | Lair:3   | Noticed a seven-headed hydra
 11193 | Lair:3   | Killed a seven-headed hydra
 11540 | Lair:3   | Reached skill level 10 in Invocations
 11547 | Lair:3   | Found a hole to the Spider Nest.
 12811 | Lair:4   | Noticed a four-headed hydra
 12825 | Lair:4   | Killed a four-headed hydra
 12924 | Lair:4   | Noticed a five-headed hydra
 12933 | Lair:4   | Killed a five-headed hydra
 13154 | Lair:4   | Noticed a four-headed hydra
 13162 | Lair:4   | Killed a four-headed hydra
 13274 | Lair:4   | Found a staircase to the Swamp.
 13529 | Lair:4   | Noticed a five-headed hydra
 13554 | Lair:4   | Reached XP level 12. HP: 36/75 MP: 11/20
 13555 | Lair:4   | Reached skill level 15 in Armour
 14276 | Lair:4   | Found a runed translucent door.
 14668 | D:9      | Noticed Grum
 14687 | D:9      | Killed Grum
 14803 | D:9      | Found a flagged portal.
 14817 | Bailey   | Entered a bailey
 14953 | Bailey   | Noticed an orc warlord
 14960 | Bailey   | Cast into level 3 of the Abyss (orc warlord)
 15028 | Abyss:4  | Noticed an angel
 15102 | Abyss:4  | Noticed a profane servitor
 15115 | Abyss:4  | Gained mutation: You are robust. (+10% HP) [potion of
                  | mutation]
 15115 | Abyss:4  | Gained mutation: You are partially covered in iridescent
                  | scales. (AC +2) [potion of mutation]
 15116 | Abyss:4  | Slain by a profane servitor

Illustrated notes

Levels and vault maps discovered:
D:1:      nicolae_arrival_washed_ashore, layout_basic, basic_ecumenical_altar,
          minmay_gold_behind_fungi
D:2:      layout_rooms, basic_altar, uniq_sigmund
D:3:      layout_basic
D:4:      layout_basic, nicolae_overflow_hidden_temple,
          mainiacjoe_overflow_alcove_2, uniq_robin
D:5:      layout_loops_ring, kennysheep_mini, minmay_temple_entry_hall,
          hangedman_decor_peaks_small, minmay_misc_feat_tower,
          kennysheep_generic_room_14
D:6:      layout_loops_corners, slow_altar_2
D:7:      layout_loops_corners, serial_shops, nicolae_lakefront_shop, hex_large,
          minmay_holes, minmay_tree_intersection, uniq_pikel
D:8:      layout_basic, chequers_temple_overflow_statue_of_worship,
          david_lair_shrubbed
D:9:      layout_basic, nicolae_ru_the_path_less_chosen, erik_orc_1,
          enter_bailey_5, uniq_grum, uniq_harold
Temple:   eino_narrow_crystal_temple
Lair:1:   beast_lair_carwin_large_3, layout_gridlike
Lair:2:   gammafunk_cloud_chamber, layout_layer_cave, gammafunk_ghost_icy,
          minivault_24, cheibrodos_lair_lostbears, serial_bayou_shore_b,
          lemuel_fruit_tree
Lair:3:   layout_loops_ring, hellmonk_spider_entry_not_the_bees,
          gammafunk_lair_bear_cave, serial_bayou_shore_a, uniq_prince_ribbit2
Lair:4:   gammafunk_lair_enchanted_lake, layout_hall_layers,
          minmay_swamp_entry_eels, beast_lair_carwin_7
Abyss:4:  base: Gauntlet, base: Lair:4, guppyfry_abyss_exit_imp_island,
          serial_sigils_hangedman_gut, grunt_abyss_rune_wretched_hive
Bailey:   bailey_axe_minmay_hex_keep, bailey

Skill      XL: |  1  2  3  4  5  6  7  8  9 10 11 12 |
---------------+-------------------------------------+-----
Polearms       | 3 4 6 9 10 11 12 14 | 14.0
Shields        | 4 11 13 15 | 15.0
Invocations    | 4 7 9 11 | 11.8
Armour         | 6 11 14 15 | 15.8
Fighting       | |  3.3

Action                   |  1- 3 |  4- 6 |  7- 9 | 10-12 || total
-------------------------+-------+-------+-------+-------++-------
Melee: Trident           |   114 |   142 |   413 |   564 ||  1233
Invok: Sacrifice Love    |     1 |       |       |       ||     1
       Sacrifice Artific |       |       |     1 |       ||     1
       Sacrifice Experie |       |       |     1 |       ||     1
       Draw Out Power    |       |       |     3 |     4 ||     7
       Reject Sacrifices |       |       |     1 |     1 ||     2
       Power Leap        |       |       |     1 |       ||     1
       Apocalypse        |       |       |       |     5 ||     5
 Abil: Dig               |       |     1 |     3 |       ||     4
  Use: Scroll            |     5 |     2 |     9 |     4 ||    20
       Potion            |       |     2 |     2 |    11 ||    15
 Stab: Distracted        |       |       |     5 |     8 ||    13
       Invisible         |       |       |     1 |     3 ||     4
       Paralysed         |       |       |       |     6 ||     6
Armor: Scale mail        |    38 |    27 |    18 |       ||    83
       Plate armour      |       |       |    19 |   100 ||   119
Dodge: Dodged            |    57 |    13 |    31 |    28 ||   129
Block: Buckler           |     9 |     5 |       |       ||    14
       Tower shield      |       |    97 |   321 |   420 ||   838
